 Dungeon Crawl Stone Soup version 0.29.0-4-gdea44cf6ec (webtiles) character file.

Game seed: 8700465715440083597

200 qw the Chopper (level 5, -1/30 HPs)
             Began as a Tengu Warper on Aug 28, 2022.
             Slain by Duvessa
             ... wielding a +0 short sword
              (5 damage)
             ... on level 4 of the Dungeon.
             The game lasted 00:00:21 (4266 turns).

qw the Chopper (Tengu Warper)                       Turns: 4266, Time: 00:00:21

Health: -1/30      AC:  6    Str: 12 (13) XL:     5   Next: 78%
Magic:  9/9        EV: 11    Int: 13      God:
Gold:   134        SH:  0    Dex: 13 (14) Spells: 8/8 levels left

rFire   . . .      SeeInvis +   Y - +2 hand axe
rCold   . . .      Faith    .   (no shield)
rNeg    . . .      Spirit   .   e - +0 scale mail
rPois   .          Reflect  .   (helmet restricted)
rElec   .          Harm     .   (no cloak)
rCorr   .          Rampage  .   (no gloves)
Will    .....                   (boots unavailable)
Stlth   ..........              (no amulet)
HPRegen 0.10/turn               c - ring of see invisible
MPRegen 0.11/turn               (no ring)

@: flying quickly and evasively, quick
A: beak, talons 3, nimble flight
a: no special abilities


You were on level 4 of the Dungeon.
You visited 1 branch of the dungeon, and saw 4 of its levels.

You collected 284 gold pieces.
You spent 150 gold pieces at shops.


Innate Abilities, Weirdness & Mutations

You have a beak for a mouth.
You have claws for feet.
Your magical nature lets you fly swiftly and evasively.


   Skills:
 - Level 2.0 Fighting
 + Level 6.4 Axes
 - Level 1.0 Throwing
 - Level 1.1 Armour
 - Level 2.1 Dodging
 - Level 2.0 Spellcasting
 - Level 2.4 Translocations


You had 8 spell levels left.
You didn't know any spells.
Your spell library contained the following spells:

 Spells                   Type           Power      Damage    Failure   Level
 Blink                    Tloc           14%        N/A       61%         2
 Gell's Gravitas          Tloc           7%         N/A       83%         3
 Lesser Beckoning         Tloc           7%         N/A       83%         3
 Teleport Other           Tloc           7%         N/A       83%         3
 Manifold Assault         Tloc           7%         N/A       100%        5

Inventory:

Hand Weapons
 j - a +0 morningstar
 Y - a +2 hand axe (weapon)
Armour
 e - a +0 scale mail (worn)
Jewellery
 c - a ring of see invisible (left hand)
Scrolls
 f - a scroll of identify
 g - 2 scrolls of enchant armour
Potions
 a - a potion of curing
 i - a potion of heal wounds {unknown}

Dungeon Overview and Level Annotations

Branches:
Dungeon (4/15)
 Temple: D:4-7

Altars:
Yredelemnul

Shops:
D:1 :   D:2 ==

Annotations:
D:3 3 runed translucent doors, qw's ghost, weakling TeWr
D:4 Duvessa


Message History

You feel strangely unstable.
You slash the endoplasm!
You kill the endoplasm!
You start resting.
Your surroundings suddenly seem different.
Enter note: You start resting.
A goblin comes into view. It is wielding a +0 club.
You slash the goblin!
You kill the goblin!
You start resting.
HP restored.
Duvessa, Sister of Dowan comes into view.
She is wielding a +0 short sword.
Found a stone staircase leading down and a stone staircase leading up.
Things that are here:
a +0 club; a goblin corpse You hit Duvessa but do no damage.
You claw Duvessa, but do no damage. Duvessa hits you with a +0 short sword.
You barely miss Duvessa. You claw Duvessa, but do no damage.
Your peck misses Duvessa. Duvessa hits you with a +0 short sword!
You hit Duvessa. You claw Duvessa, but do no damage.
Duvessa is lightly wounded.
Duvessa hits you with a +0 short sword.
You hit Duvessa.
Duvessa is lightly wounded.
Duvessa hits you with a +0 short sword.
You hit Duvessa. You claw Duvessa. You peck Duvessa, but do no damage.
Duvessa is moderately wounded.
Duvessa hits you with a +0 short sword.
You hit Duvessa but do no damage.
Duvessa is moderately wounded.
Duvessa misses you.
You hit Duvessa but do no damage.
Duvessa is moderately wounded.
Duvessa hits you with a +0 short sword.
You hit Duvessa but do no damage.
Duvessa is moderately wounded.
Duvessa hits you with a +0 short sword.
You die...

...<.....>#
..........#
..........#
..........#
..........#
..........#
.......e.#
.......@.#
#.......##
####....#
######


You could see Duvessa.

Vanquished Creatures
  A water moccasin zombie (D:3)
  An orc priest (D:3)
  An orc wizard (D:3)
  2 adders
  An adder zombie (D:3)
  A worm (D:2)
  2 dart slugs
  8 orcs (D:3)
  7 endoplasms
  A giant cockroach (D:3)
  4 hobgoblins
  3 jackals (D:1)
  4 kobolds
  A quokka (D:1)
  5 ball pythons
  6 bats
  3 frilled lizards
  4 goblins
  3 rats
58 creatures vanquished.

Vanquished Creatures (others)
  2 fungi (D:1)
  3 toadstools (D:1)
5 creatures vanquished.

Grand Total: 63 creatures vanquished

Notes
Turn   | Place    | Note
-------+----------+-------------------------------------------
     0 | D:1      | qw the Tengu Warper began the quest for the Orb.
     0 | D:1      | Reached XP level 1. HP: 12/12 MP: 4/4
     0 | D:1      | 0 ||| qw: Version: 0.1-a-89-g26bdef1
     0 | D:1      | 0 ||| qw: Game counter: 475
     0 | D:1      | 0 ||| qw: Always use a shield: true
     0 | D:1      | 0 ||| qw: God list: Okawaru
     0 | D:1      | 0 ||| qw: Allow faded altars: false
     0 | D:1      | 0 ||| qw: Do Orc after D:15 true
     0 | D:1      | 0 ||| qw: Do second Lair branch before Depths: true
     0 | D:1      | 0 ||| qw: Lair rune preference: random
     0 | D:1      | 0 ||| qw: Plans: Normal
     0 | D:1      | 0 ||| PLANNING D:1-11
   227 | D:1      | Reached skill level 3 in Axes
   227 | D:1      | Reached XP level 2. HP: 17/17 MP: 6/6
   292 | D:1      | Found Osoxtaurph's Vocational Training.
   386 | D:1      | Found a faded altar of an unknown god.
   546 | D:1      | 546 ||| READING scroll labelled AHOADO NAHACU.
   547 | D:1      | 547 ||| READING 2 scrolls labelled JINTAM LIUNKIY.
   548 | D:1      | 548 ||| DROPPING scroll of blinking.
   549 | D:1      | 549 ||| DROPPING scroll of amnesia.
   800 | D:2      | Found Vehi's Jewellery Shoppe.
   807 | D:2      | Found Xyriajor's Jewellery Emporium.
   808 | D:2      | 808 ||| SHOPLISTING amulet of regeneration (300 gold, have
                  | 175).
   808 | D:2      | 808 ||| SHOPLISTING amulet of the acrobat (300 gold, have
                  | 175).
   808 | D:2      | 808 ||| SHOPLISTING ring of Udoaraupn {Contam rN+ Will+
                  | rCorr Dex+6} (438 gold, have 175).
   808 | D:2      | 808 ||| SHOPLISTING ring of fire (250 gold, have 175).
   808 | D:2      | 808 ||| SHOPLISTING ring of ice (250 gold, have 175).
   808 | D:2      | 808 ||| SHOPLISTING ring of poison resistance (200 gold,
                  | have 175).
   808 | D:2      | 808 ||| SHOPLISTING ring of protection from cold (250 gold,
                  | have 175).
   813 | D:2      | 813 ||| SHOPLISTING ring of ice (250 gold, have 175).
   813 | D:2      | 813 ||| SHOPLISTING ring of positive energy (200 gold, have
                  | 175).
   813 | D:2      | 813 ||| BUYING ring of see invisible (150 gold).
   813 | D:2      | Bought a ring of see invisible for 150 gold pieces
   813 | D:2      | 813 ||| SHOPLISTING ring of see invisible (150 gold, have
                  | 25).
   828 | D:2      | Reached XP level 3. HP: 21/21 MP: 7/7
   838 | D:2      | 838 ||| Stepping ~*~*~tactically~*~*~ (hiding).
   940 | D:2      | 940 ||| Stepping ~*~*~tactically~*~*~ (hiding).
  1141 | D:2      | Reached skill level 4 in Axes
  1233 | D:2      | 1233 ||| Stepping ~*~*~tactically~*~*~ (stealth).
  1238 | D:2      | 1238 ||| Stepping ~*~*~tactically~*~*~ (stealth).
  1239 | D:2      | 1239 ||| Stepping ~*~*~tactically~*~*~ (stealth).
  1755 | D:2      | 1755 ||| UPGRADING to ring of see invisible.
  1756 | D:2      | 1756 ||| READING scroll labelled TYH VEARUTTOAT.
  1757 | D:2      | 1757 ||| READING 3 scrolls labelled MOERHA KEVVIYSK.
  1762 | D:2      | 1762 ||| READING scroll labelled TUSOUST VICI NUVO.
  1825 | D:3      | 1825 ||| FLEEEEING.
  1826 | D:3      | 1826 ||| FLEEEEING.
  1827 | D:3      | 1827 ||| FLEEEEING.
  1828 | D:3      | 1828 ||| FLEEEEING.
  1829 | D:3      | 1829 ||| FLEEEEING.
  1835 | D:3      | 1835 ||| FLEEEEING.
  1836 | D:3      | 1836 ||| FLEEEEING.
  1837 | D:3      | 1837 ||| FLEEEEING.
  1838 | D:3      | 1838 ||| FLEEEEING.
  1839 | D:3      | 1839 ||| FLEEEEING.
  1840 | D:3      | 1840 ||| FLEEEEING.
  1841 | D:3      | 1841 ||| FLEEEEING.
  1842 | D:3      | 1842 ||| FLEEEEING.
  1843 | D:3      | 1843 ||| FLEEEEING.
  1844 | D:3      | 1844 ||| FLEEEEING.
  1845 | D:3      | 1845 ||| FLEEEEING.
  1846 | D:3      | 1846 ||| FLEEEEING.
  1847 | D:3      | 1847 ||| FLEEEEING.
  1848 | D:3      | 1848 ||| FLEEEEING.
  1849 | D:3      | 1849 ||| FLEEEEING.
  1850 | D:3      | 1850 ||| FLEEEEING.
  1851 | D:3      | 1851 ||| FLEEEEING.
  1852 | D:3      | 1852 ||| FLEEEEING.
  1853 | D:3      | 1853 ||| FLEEEEING.
  1855 | D:3      | 1855 ||| STAIRDANCE
  2069 | D:3      | Reached XP level 4. HP: 13/26 MP: 8/8
  2250 | D:3      | 2250 ||| Stepping ~*~*~tactically~*~*~ (hiding).
  2352 | D:3      | 2352 ||| Stepping ~*~*~tactically~*~*~ (hiding).
  2454 | D:3      | 2454 ||| Stepping ~*~*~tactically~*~*~ (hiding).
  2615 | D:3      | Found a runed translucent gate.
  2615 | D:3      | Found a runed translucent gate.
  2615 | D:3      | Found a runed translucent gate.
  2615 | D:3      | Noticed qw's ghost (weakling TeWr)
  2617 | D:3      | 2617 ||| DRINKING 3 fuming ruby potions.
  2618 | D:3      | 2618 ||| DROPPING 2 potions of degeneration.
  2619 | D:3      | Found a basalt altar of Yredelemnul.
  2630 | D:3      | Reached skill level 5 in Axes
  2776 | D:3      | Gained mutation: Your magical nature lets you fly swiftly
                  | and evasively. [Tengu growth]
  2776 | D:3      | Reached XP level 5. HP: 28/30 MP: 9/9
  2803 | D:3      | 2803 ||| Stepping ~*~*~tactically~*~*~ (stealth).
  2969 | D:3      | 2969 ||| READING scroll of enchant weapon.
  2969 | D:3      | 2969 ||| ENCHANTING +1 hand axe.
  3018 | D:3      | 3018 ||| Stepping ~*~*~tactically~*~*~ (hiding).
  3028 | D:3      | 3028 ||| Stepping ~*~*~tactically~*~*~ (hiding).
  3038 | D:3      | Reached skill level 6 in Axes
  3042 | D:3      | 3042 ||| FLEEEEING.
  3043 | D:3      | 3043 ||| FLEEEEING.
  3044 | D:3      | 3044 ||| FLEEEEING.
  3045 | D:3      | 3045 ||| FLEEEEING.
  3046 | D:3      | 3046 ||| FLEEEEING.
  3047 | D:3      | 3047 ||| FLEEEEING.
  3048 | D:3      | 3048 ||| FLEEEEING.
  3049 | D:3      | 3049 ||| FLEEEEING.
  3050 | D:3      | 3050 ||| FLEEEEING.
  3051 | D:3      | 3051 ||| FLEEEEING.
  3052 | D:3      | 3052 ||| FLEEEEING.
  3053 | D:3      | 3053 ||| FLEEEEING.
  3054 | D:3      | 3054 ||| FLEEEEING.
  3055 | D:3      | 3055 ||| FLEEEEING.
  3066 | D:3      | 3066 ||| FLEEEEING.
  3080 | D:3      | 3080 ||| FLEEEEING.
  3081 | D:3      | 3081 ||| FLEEEEING.
  3082 | D:3      | 3082 ||| FLEEEEING.
  3083 | D:3      | 3083 ||| FLEEEEING.
  3084 | D:3      | 3084 ||| FLEEEEING.
  3085 | D:3      | 3085 ||| FLEEEEING.
  3086 | D:3      | 3086 ||| FLEEEEING.
  3097 | D:3      | 3097 ||| FLEEEEING.
  3101 | D:3      | 3101 ||| FLEEEEING.
  3111 | D:3      | 3111 ||| STAIRDANCE
  3244 | D:2      | 3244 ||| UPGRADING to +0 scale mail.
  3254 | D:2      | 3254 ||| DROPPING +0 leather armour.
  3255 | D:2      | 3255 ||| READING 3 scrolls labelled IHOUTOT AHOST.
  3256 | D:2      | 3256 ||| DRINKING 2 amethyst potions.
  3257 | D:2      | 3257 ||| DROPPING potion of brilliance.
  3274 | D:3      | 3274 ||| DROPPING +0 club.
  3447 | D:3      | 3447 ||| DROPPING +0 whip.
  3553 | D:3      | 3553 ||| FLEEEEING.
  3643 | D:3      | 3643 ||| Stepping ~*~*~tactically~*~*~ (stealth).
  3842 | D:3      | 3842 ||| READING 2 scrolls of identify.
  3842 | D:3      | 3842 ||| IDENTIFYING metallic pink potion
  3961 | D:4      | HP: 3/30 [bullfrog (5)]
  3962 | D:4      | 3962 ||| READING 2 scrolls of teleportation.
  3962 | D:4      | HP: 1/30 [bullfrog (3)]
  3967 | D:4      | 3967 ||| READING scroll of teleportation.
  4253 | D:4      | Noticed Duvessa
  4265 | D:4      | HP: 4/30 [Duvessa/+0 short sword (5)]
  4266 | D:4      | Slain by Duvessa

Levels and vault maps discovered:
D:1:      roderic_octagonal_star, layout_rooms,
          hellmonk_ecumenical_altar_arch_garden, minmay_gold_behind_fungi,
          nicolae_shop_vocational
D:2:      layout_loops_corners, serial_shops,
          nicolae_shop_temple_entry_statues_fountains, shop,
          kennysheep_generic_room_4
D:3:      layout_basic, nicolae_yredelemnul_ghost_church, minivault_19
D:4:      layout_cave_pods, minmay_temple_entry_drinking_statues, serial_shops,
          shop, minmay_manual_mail, uniq_duvessa, uniq_robin

Skill      XL: |  1  2  3  4  5 |
---------------+----------------+-----
Axes           | 3 4 5 6 |  6.4
Fighting       | |  2.0
Throwing       | |  1.0
Armour         | |  1.1
Dodging        | |  2.1
Spellcasting   | |  2.0
Translocations | |  2.4

Action                   |  1- 3 |  4- 6 || total
-------------------------+-------+-------++-------
Melee: Hand axe          |    66 |    83 ||   149
       Kick              |    15 |    18 ||    33
       Peck              |    13 |    14 ||    27
Throw: Boomerang         |     7 |     7 ||    14
  Use: Scroll            |     5 |     5 ||    10
       Potion            |       |     2 ||     2
Armor: Leather armour    |    11 |     9 ||    20
       Scale mail        |       |     5 ||     5
Dodge: Dodged            |    22 |    37 ||    59

Table legend:
 A = Non-vault XP
 B = Vault XP
 C = Vault XP percentage of total XP
 D = Non-vault monster count
 E = Vault monster count
 F = Vault count percentage of total count
                 A         B        C        D         E       F
            +---------+---------+-------+---------+---------+-------
      Total |     198 |      88 |  30.8 |      52 |       6 |  10.3
            +---------+---------+-------+---------+---------+-------
        D:1 |      23 |       0 |   0.0 |      14 |       0 |   0.0
        D:2 |      42 |       1 |   2.3 |      16 |       1 |   5.9
        D:3 |     129 |      82 |  38.9 |      20 |       2 |   9.1
        D:4 |       4 |       5 |  55.6 |       2 |       3 |  60.0
            +---------+---------+-------+---------+---------+-------
